 Dungeon Crawl Stone Soup version 0.29.1-12-g30fa7ad0bf (webtiles) character file.

Game seed: 17211696166010036050

3139 NobleFilipina the Shooter (level 10, 0/73 HPs)
             Began as a Human Hunter on Jan 15, 2023.
             Was an Initiate of the Shining One.
             Slain by an orc warrior
             ... wielding a +0 dire flail
              (1 damage)
             ... on level 7 of the Dungeon on Jan 16, 2023.
             The game lasted 00:47:38 (8090 turns).

NobleFilipina the Shooter (Human Hunter)            Turns: 8090, Time: 00:47:39

Health: 0/73       AC:  6    Str: 14    XL:     10   Next: 14%
Magic:  14/14      EV: 13    Int: 11    God:    the Shining One [......]
Gold:   390        SH:  0    Dex: 17    Spells: 10/15 levels left

rFire   . . .      SeeInvis .   e - +1 short sword (elec)
rCold   . . .      Faith    .   (no shield)
rNeg    . . .      Spirit   .   c - +3 leather armour
rPois   .          Reflect  .   (helmet restricted)
rElec   .          Harm     .   (no cloak)
rCorr   .          Rampage  .   (no gloves)
Will    +....                   (no boots)
Stlth   +.........              d - amulet of regeneration
HPRegen 1.02/turn               (no ring)
MPRegen 0.14/turn               (no ring)

@: brilliant, hasted, glowing, very quick
A: horns 1, strong-willed 1, sense surroundings 1
a: Renounce Religion


You were on level 7 of the Dungeon.
You worshipped the Shining One.
The Shining One was noncommittal.
You visited 2 branches of the dungeon, and saw 8 of its levels.

You collected 390 gold pieces.

Inventory:

Hand Weapons
 a - a +0 shortbow
 e - a +1 short sword of electrocution (weapon)
Missiles
 b - 2 boomerangs (quivered)
 u - 7 poisoned darts
Armour
 c - a +3 leather armour (worn)
Jewellery
 d - an amulet of regeneration (around neck)
 h - a ring of resist corrosion
 k - an amulet of guardian spirit
Wands
 m - a wand of digging (5)
 t - a wand of flame (40)
Scrolls
 f - 3 scrolls of teleportation
 g - a scroll of vulnerability {unknown}
 l - a scroll of magic mapping {unknown}
 n - a scroll of noise
 s - a scroll of brand weapon {unknown}
Potions
 i - a potion of curing
 j - a potion of flight {unknown}
 o - a potion of degeneration {unknown}
 q - a potion of brilliance


   Skills:
 * Level 4.8 Fighting
 * Level 4.1 Short Blades
 * Level 7.9 Ranged Weapons
 * Level 2.0 Throwing
 * Level 3.8 Armour
 * Level 4.4 Dodging
 * Level 4.0 Stealth
 * Level 3.1 Spellcasting
 * Level 3.1 Transmutations
 * Level 3.3 Poison Magic
 * Level 2.0 Evocations


You had 10 spell levels left.
You knew the following spells:

 Your Spells              Type           Power      Damage    Failure   Level
a - Sting                 Tmut/Pois      52%        1d5       9%          1
b - Olgreb's Toxic Radia  Pois           13%        N/A       63%         4

Your spell library contained the following spells:

 Spells                   Type           Power      Damage    Failure   Level
 Poisonous Vapours        Pois/Air       16%        N/A       24%         2


Dungeon Overview and Level Annotations

Branches:
Dungeon (7/15)             Temple (1/1) D:7

Altars:
Uskayaw
The Shining One


Innate Abilities, Weirdness & Mutations

You have a pair of small horns on your head.
You are strong-willed. (Will+)
You passively map a small area around you.


Message History

An orc wizard appears from thin air!
Reactivating autopickup.
The orc warrior hits you with a +0 long sword.
It was a potion of haste.
You feel yourself speed up.
The orc warrior hits you with a +0 long sword!
You hit the orc warrior.
Lightning courses through the orc warrior!
Your headbutt misses the orc warrior.
The orc warrior is almost dead.
The orc warrior hits you with a +0 long sword!
* * * LOW HITPOINT WARNING * * *
You hit the orc warrior.
You kill the orc warrior!
The orc warrior shoots a bolt.
The bolt barely misses you.
Your Throwing skill increases to level 2!
Your Evocations skill increases to level 2!
You feel better.
You closely miss the orc wizard.
You hit the orc wizard but do no damage.
The orc wizard casts a spell.
The orc wizard flickers and vanishes!
Deactivating autopickup; reactivate with Ctrl-A.
The orc warrior shoots a bolt.
You miss something. Something hits you but does no damage.
You barely miss something.
The orc warrior shoots a bolt.
You hit something. Something hits you but does no damage.
The orc warrior shoots a bolt.
The bolt hits you!
* * * LOW HITPOINT WARNING * * *
You hit something.
Reactivating autopickup.
You feel a bit more experienced.
An orc wizard appears from thin air!
The orc hits you with a +0 flail.
* * * LOW HITPOINT WARNING * * *
The orc wizard closely misses you.
The orc priest calls down the wrath of Beogh upon you.
Beogh smites you!
* * * LOW HITPOINT WARNING * * *
The orc warrior unwields a +0 arbalest.
The orc warrior wields a +0 dire flail.
The orc warrior hits you with a +0 dire flail.
You die...

#
###8###8##...##8###8###
# ### ####...#### ### #
#.# #.#8...8# # #.#
#.##...## # #.#
#.##...# # #.#
#.##...##
######.###.#8...8#
#.........##.oo###
##.......o..oooo@.#
o##.##.######..o###
oo..##.# #.#o#
o#####<######...# #
#..........##
#.#######.[# #.# #..#
#.# ##..##
###.######....#


You could see an orc warrior, an orc priest, an orc wizard and 6 orcs.

Vanquished Creatures
  Pikel (D:7)
  A steam dragon (D:5)
  Menkaure (D:5)
  2 orc warriors (D:7)
  Duvessa (D:5)
  2 ice beasts
  A sky beast (D:7)
  A black bear (D:5)
  3 ogres
  A phantom (D:5)
  3 centaurs
  A lemure (D:7)
  A kobold brigand (D:7)
  2 necrophages
  2 scorpions
  Dowan (D:5)
  4 howler monkeys
  4 hounds
  5 orc priests
  A jelly (D:5)
  2 iguanas
  Natasha (twice) (D:4)
  6 orc wizards
  A gnoll (D:1)
  2 adders (D:3)
  2 river rats (D:3)
  2 dart slugs
  31 orcs
  4 endoplasms
  4 giant cockroaches
  5 goblins
  4 hobgoblins
  6 jackals
  11 kobolds
  5 quokkas
  13 ball pythons
  7 bats
  2 frilled lizards (D:1)
  9 rats
156 creatures vanquished.

Notes
Turn   | Place    | Note
-------+----------+-------------------------------------------
     0 | D:1      | NobleFilipina the Human Hunter began the quest for the Orb.
     0 | D:1      | Reached XP level 1. HP: 16/16 MP: 1/1
   195 | D:1      | Reached XP level 2. HP: 19/22 MP: 2/2
   417 | D:2      | Found a faded altar of an unknown god.
   459 | D:2      | Identified a scroll of acquirement
   459 | D:2      | Acquired a +0 dagger of venom
   648 | D:2      | Reached XP level 3. HP: 24/27 MP: 3/3
   729 | D:3      | You fall into a shaft and drop 1 floor!
   782 | D:4      | Reached skill level 1 in Armour
   782 | D:4      | Reached XP level 4. HP: 11/33 MP: 4/4
  1147 | D:4      | Noticed a necrophage
  1162 | D:4      | Killed a necrophage
  1163 | D:4      | Reached skill level 5 in Ranged Weapons
  1163 | D:4      | Reached XP level 5. HP: 19/39 MP: 4/6
  1320 | D:4      | Found a hide-covered altar of Uskayaw.
  1320 | D:4      | Noticed a +0 hand axe
  1322 | D:4      | Noticed a +0 dagger
  1512 | D:4      | Noticed Natasha
  1526 | D:4      | Killed Natasha
  1527 | D:4      | Reached skill level 1 in Short Blades
  2172 | D:3      | Noticed a centaur
  2232 | D:3      | Reached skill level 1 in Spellcasting
  2429 | D:3      | Reached XP level 6. HP: 38/46 MP: 7/7
  2454 | D:3      | Learned a level 1 spell: Sting
  3289 | D:5      | Entered Level 5 of the Dungeon
  3298 | D:5      | Reached XP level 7. HP: 51/51 MP: 7/9
  3310 | D:5      | Reached skill level 1 in Poison Magic
  3342 | D:5      | Learned a level 4 spell: Olgreb's Toxic Radiance
  3693 | D:5      | Reached skill level 6 in Ranged Weapons
  3693 | D:5      | Reached skill level 1 in Transmutations
  3827 | D:5      | Reached XP level 8. HP: 58/58 MP: 8/10
  3961 | D:5      | Gained mutation: Your mind is acute. (Int +4, Str/Dex -1)
                  | [potion of mutation]
  3961 | D:5      | Gained mutation: Your system is resistant to poisons.
                  | (rPois) [potion of mutation]
  3962 | D:5      | Lost mutation: Your mind is acute. (Int +4, Str/Dex -1)
                  | [potion of mutation]
  3962 | D:5      | Lost mutation: Your system is resistant to poisons. (rPois)
                  | [potion of mutation]
  3962 | D:5      | Gained mutation: You are strong-willed. (Will+) [potion of
                  | mutation]
  3962 | D:5      | Gained mutation: You passively map a small area around you.
                  | [potion of mutation]
  3962 | D:5      | Gained mutation: You have a pair of small horns on your
                  | head. [potion of mutation]
  4357 | D:5      | Noticed Menkaure
  4396 | D:5      | Killed Menkaure
  4465 | D:5      | Reached skill level 7 in Ranged Weapons
  4584 | D:5      | Noticed Duvessa
  4585 | D:5      | Noticed Dowan
  4611 | D:5      | Killed Duvessa
  4624 | D:5      | Killed Dowan
  4625 | D:5      | Reached XP level 9. HP: 22/65 MP: 12/12
  5085 | D:4      | Noticed Natasha
  5097 | D:4      | Killed Natasha
  7165 | D:7      | Reached skill level 1 in Evocations
  7260 | D:7      | Found a runed translucent door.
  7355 | D:7      | Reached skill level 1 in Throwing
  7409 | D:7      | Noticed Pikel
  7611 | D:7      | Found a staircase to the Ecumenical Temple.
  7621 | Temple   | Entered the Ecumenical Temple
  7631 | Temple   | Became a worshipper of the Shining One
  7987 | D:7      | Killed Pikel
  7988 | D:7      | Reached XP level 10. HP: 62/73 MP: 14/14
  8060 | D:7      | HP: 2/73 [orc warrior/+0 long sword (10)]
  8090 | D:7      | HP: 1/73 [orc priest/divine providence (9)]
  8090 | D:7      | Slain by an orc warrior

Illustrated notes

Levels and vault maps discovered:
D:1:      dpeg_arrival_houses_and_road, layout_loops_ring
D:2:      layout_loops_ring, chequers_ecumenical_altar_island
D:3:      layout_loops_corners, lightli_sewer_entry_pipes
D:4:      layout_layer_cave, dancing_weapons_uskayaw, uniq_natasha
D:5:      layout_layer_cave, grunt_ministairs_6, st_stairs_2, dk_vineyard_3,
          uniq_menkaure, uniq_duvessa
D:6:      layout_gridville, serial_glass, glass_columns_a, glass_columns_b,
          glass_columns_a, glass_columns_a
D:7:      layout_loops_ring, lemuel_temple_firewalk_b, serial_glass,
          glass_columns_a, glass_columns_a, item_on_display_b,
          item_on_display_a, corexii_hall_statues_x, minivault_25,
          lightli_church_of_beogh, uniq_pikel
Temple:   nicolae_temple_slightly_damp_pantheon

Skill      XL: |  1  2  3  4  5  6  7  8  9 10 |
---------------+-------------------------------+-----
Armour         | 1 2 3 |  3.8
Ranged Weapons | 5 6 7 |  7.9
Short Blades   | 1 2 3 4 |  4.1
Spellcasting   | 1 2 3 |  3.1
Stealth        | 2 3 4 |  4.0
Fighting       | 3 4 |  4.8
Poison Magic   | 1 2 3 |  3.3
Transmutations | 1 2 3 |  3.1
Dodging        | 3 4 |  4.4
Evocations     | 1 2 |  2.0
Throwing       | 1 2 |  2.0

Action                   |  1- 3 |  4- 6 |  7- 9 | 10-12 || total
-------------------------+-------+-------+-------+-------++-------
Melee: Dagger            |    16 |    43 |    31 |       ||    90
       Headbutt          |       |       |    37 |     3 ||    40
       Short sword       |       |       |   175 |    25 ||   200
       Punch             |       |       |     4 |     1 ||     5
 Fire: Shortbow          |    50 |    53 |   108 |       ||   211
Throw: Boomerang         |       |       |    19 |    15 ||    34
       Throwing net      |       |       |     2 |       ||     2
 Cast: Sting             |       |       |    17 |     2 ||    19
Evoke: Wand              |       |       |     5 |     3 ||     8
  Use: Scroll            |     3 |     7 |    11 |     2 ||    23
       Potion            |       |     2 |     5 |     5 ||    12
 Stab: Sleeping          |       |     1 |       |       ||     1
Armor: Leather armour    |    15 |    15 |    81 |     4 ||   115
Dodge: Dodged            |    44 |    69 |   176 |     9 ||   298
